 Dungeon Crawl Stone Soup version 0.24.0-123-gd5b16e6ec5 (webtiles) character file.

Game seed: 10110614828057955955, levelgen mode: deterministic

1145 Descartes the Sneak (level 8, -2/36 HPs)
             Began as a Felid Transmuter on Dec 20, 2019.
             Killed from afar by Dowan (23 damage)
             ... with a shard of ice
             ... on level 6 of the Dungeon.
             The game lasted 00:20:13 (9717 turns).

Descartes the Sneak (Felid Transmuter)              Turns: 9717, Time: 00:20:13

Health: -2/36      AC:  4    Str:  8    XL:     8   Next: 15%
Magic:  2/15       EV: 21    Int: 14    God:
Gold:   399        SH:  0    Dex: 17    Spells: 12/15 levels left
                                        Lives:  0   Deaths: 2

rFire    + . .     SeeInvis +     - Unarmed
rCold    . . .     Gourm    .   (shield unavailable)
rNeg     . . .     Faith    .   (armour unavailable)
rPois    .         Spirit   .   (helmet unavailable)
rElec    .         Reflect  .   (cloak unavailable)
rCorr    .         Harm     .   (gloves unavailable)
MR       +....     Rnd*Tele +   (boots unavailable)
Stlth    ++++......             g - amulet of rage
HPRegen  0.12/turn              (no ring)
MPRegen  0.14/turn              (no ring)

@: appendage (expiring), quick
A: very small, no armour, no weapons or thrown items, stealth, claws 1, fangs 3,
horns 2, iridescent scales 1, see invisible, carnivore, fire resistance 1, speed
1, shaggy fur 2, slow metabolism 1, teleportitis 1, evolution 1, sharp paws
a: End Transformation, Evoke Berserk Rage


You were on level 6 of the Dungeon.
You were completely stuffed.
You had grown temporary horns.
You visited 2 branches of the dungeon, and saw 7 of its levels.

You collected 399 gold pieces.

Inventory:

Missiles
 a - 93 arrows
Jewellery
 g - an amulet of rage (around neck)
Wands
 t - a wand of random effects (17)
Scrolls
 d - a scroll of fear {unknown}
 e - 2 scrolls of immolation
 i - a scroll of remove curse
 k - a scroll of enchant armour
 n - 2 scrolls of teleportation
Potions
 b - 2 potions of heal wounds
 f - a potion of ambrosia
 h - 2 potions of brilliance
 j - 2 potions of degeneration
 m - a potion of magic
 o - a potion of invisibility
 q - 2 potions of mutation
 r - a potion of flight {unknown}
 s - 4 potions of curing
 u - a potion of agility
Comestibles
 c - 6 rations
 l - 5 chunks of flesh


   Skills:
 + Level 3.7 Fighting
 + Level 5.7 Dodging
 * Level 7.8 Stealth
 * Level 6.3 Unarmed Combat
 + Level 4.0 Spellcasting
 + Level 4.7 Transmutations


You had 12 spell levels left.
You knew the following spells:

 Your Spells              Type           Power        Failure   Level  Hunger
a - Beastly Appendage     Tmut           ###...       2%          1    None
b - Sticks to Snakes      Tmut           ###.....     4%          2    ##.....

Your spell library contained the following spells:

 Spells                   Type           Power        Failure   Level  Hunger
 Animate Skeleton         Necr           N/A          19%         1    None
 Pain                     Necr           #...         19%         1    None
 Spider Form              Tmut/Pois      #.........   22%         3    ###....
 Regeneration             Chrm/Necr      #.........   50%         3    ###....
 Vampiric Draining        Necr           #.........   50%         3    ###....
 Ice Form                 Ice/Tmut       #.......     58%         4    ####...
 Blade Hands              Tmut           ###.......   58%         5    ######.
 Animate Dead             Necr           N/A          88%         4    ####...


Dungeon Overview and Level Annotations

Branches:
Dungeon (6/15)             Temple (1/1) D:6

Altars:
Cheibriados
Dithmenos
Elyvilon
Fedhas
Gozag
Hepliaklqana
Makhleb
Okawaru
Qazlal
Ru
Sif Muna
Trog
Uskayaw
Vehumet
Wu Jian
Yredelemnul
Zin

Annotations:
D:6 Dowan


Innate Abilities, Weirdness & Mutations

You cannot wear armour.
You are incapable of wielding weapons or throwing items.
Your paws allow you to move quietly. (Stealth)
You have sharp claws.
You have razor-sharp teeth.
You have supernaturally acute eyesight. (SInv)
You are carnivorous and can eat meat at any time.
You cover ground quickly.
You are covered in thick fur. (AC +2)
You have a slow metabolism.
Your sharp claws are effective at attacking unaware monsters.
You have a pair of horns on your head.
You are partially covered in iridescent scales. (AC +2)
Your flesh is heat resistant. (rF+)
You are occasionally teleported next to monsters.
You evolve.


Message History

Your transformation is almost over.
Dowan struggles to escape constriction.
Your ball python bites Dowan but does no damage.
Your ball python constricts Dowan.
Dowan closely misses your ball python.
Your ball python bites Dowan.
Your ball python constricts Dowan.
Dowan gestures at your ball python while chanting.
The stone arrow hits your ball python!
Your ball python dies!
Dowan points at you and mumbles some strange words.
The stone arrow hits you!
You scratch Dowan.
Dowan is moderately wounded.
Dowan hits you with a +0 dagger.
You miss Dowan.
Dowan is lightly wounded.
Dowan casts a spell at you. The shard of ice hits you!!
Ouch! That really hurt!
You die...

..............##..# #.......≈≈≈≈
..............##..####.......§###
..............###.............'_#
....).........###.###........≈###
#.######......'..>...........≈≈≈≈
#.# ##.....###...######.##....
#.# #................#.####..
#.############.#.#######.#....'..
..............).@e.......######..
.....#########.#.###....## #..
#..#.......#.#.#.# #....# #..
#..#..####.#.#.#[# #....# #..
#..#..# ..#.#<# #....# #..
####..# ###.#.### #....# #.. #
#.## #..<....# #....# #.. # #.#
#l####### #....# #.. #.# #.
#....# ###


You could see Dowan.

Vanquished Creatures
  Pikel (D:6)
  An orc warrior (D:6)
  A phantom (D:6)
  A slave (D:5)
  Duvessa (D:6)
  An ogre (D:6)
  2 centaurs
  3 bullfrogs (D:6)
  A scorpion (D:6)
  A crimson imp (D:5)
  2 jellies
  An orc priest (D:6)
  2 hounds
  A bullfrog skeleton (D:6)
  2 orc wizards (D:6)
  A worker ant (D:6)
  A hound skeleton (D:6)
  A howler monkey skeleton (D:4)
  2 adders
  3 oozes
  An adder skeleton (D:5)
  A worm (D:2)
  5 dart slugs
  A leopard gecko (D:4)
  15 orcs
  12 bats
  7 giant cockroaches
  2 gnoll zombies (D:2)
  8 goblins
  9 hobgoblins
  3 jackals (D:1)
  13 kobolds
  4 quokkas
  2 ball pythons
  3 frilled lizards
  A quokka skeleton (D:4)
  5 rats
121 creatures vanquished.

Vanquished Creatures (others)
  An orc wizard (D:6)
  A jackal (D:1)
  A plant (D:6)
3 creatures vanquished.

Grand Total: 124 creatures vanquished

Notes
Turn   | Place    | Note
-------+----------+-------------------------------------------
     0 | D:1      | Descartes the Felid Transmuter began the quest for the Orb.
     0 | D:1      | Reached XP level 1. HP: 9/9 MP: 4/4
   396 | D:1      | Reached skill level 1 in Stealth
   396 | D:1      | Reached XP level 2. HP: 12/12 MP: 6/6
  1241 | D:1      | Reached XP level 3. HP: 14/15 MP: 7/7
  1574 | D:2      | Reached skill level 2 in Stealth
  1908 | D:2      | Found a snail-covered altar of Cheibriados.
  2671 | D:2      | Found a basalt altar of Yredelemnul.
  2762 | D:3      | Reached XP level 4. HP: 19/19 MP: 8/8
  2997 | D:3      | Found a burning altar of Makhleb.
  2997 | D:3      | Found a hazy altar of Hepliaklqana.
  3429 | D:4      | Reached skill level 3 in Stealth
  4088 | D:4      | Reached XP level 5. HP: 22/22 MP: 9/9
  4298 | D:4      | Found a hide-covered altar of Uskayaw.
  4298 | D:4      | Found an ornate altar of the Wu Jian Council.
  4299 | D:4      | Found a blossoming altar of Fedhas.
  4483 | D:5      | Entered Level 5 of the Dungeon
  4509 | D:5      | Noticed a centaur
  4522 | D:5      | Killed a centaur
  4769 | D:5      | Reached skill level 4 in Stealth
  5091 | D:5      | Gained mutation: You are covered in thick fur. (AC +2)
                  | [Felid growth]
  5091 | D:5      | Reached XP level 6. HP: 26/26 MP: 11/11
  5209 | D:5      | Found a sacrificial altar of Ru.
  5728 | D:6      | Noticed an orc warrior
  5741 | D:6      | Noticed Pikel
  5741 | D:6      | Noticed a slave
  5741 | D:6      | Noticed a slave
  5741 | D:6      | Noticed a slave
  5775 | D:5      | Slain by a slave
  5776 | D:5      | Reached XP level 5. HP: 0/22 MP: 10/10
  5833 | D:5      | Killed a slave
  6093 | D:5      | Gained mutation: You are frail. (-10% HP) [potion of
                  | mutation]
  6093 | D:5      | Gained mutation: You are partially covered in iridescent
                  | scales. (AC +2) [potion of mutation]
  6093 | D:5      | Gained mutation: Your flesh is heat resistant. (rF+)
                  | [potion of mutation]
  6094 | D:5      | Lost mutation: Your flesh is heat resistant. (rF+) [potion
                  | of mutation]
  6094 | D:5      | Lost mutation: You are frail. (-10% HP) [potion of
                  | mutation]
  6094 | D:5      | Gained mutation: You are occasionally teleported next to
                  | monsters. [potion of mutation]
  6094 | D:5      | Gained mutation: You evolve. [potion of mutation]
  6298 | D:6      | Noticed an orc warrior
  6315 | D:6      | Noticed a slave
  6361 | D:6      | Reached XP level 6. HP: 27/27 MP: 11/11
  6371 | D:6      | Killed an orc warrior
  6371 | D:6      | Reached skill level 5 in Stealth
  6402 | D:6      | HP: 1/27 [Pikel/+0 whip of flaming (1)]
  6698 | D:5      | Learned a level 2 spell: Sticks to Snakes
  7084 | D:6      | Reached skill level 5 in Unarmed Combat
  7090 | D:6      | Reached XP level 7. HP: 30/30 MP: 11/13
  7253 | D:6      | Found a shadowy altar of Dithmenos.
  7268 | D:6      | Reached skill level 6 in Stealth
  7427 | D:6      | Mangled by an orc warrior
  7428 | D:6      | Reached XP level 6. HP: -6/28 MP: 12/12
  7503 | D:6      | Found a staircase to the Ecumenical Temple.
  7509 | D:6      | Reached skill level 5 in Dodging
  7515 | Temple   | Entered the Ecumenical Temple
  8081 | D:6      | Killed Pikel
  8081 | D:6      | Reached skill level 7 in Stealth
  8081 | D:6      | Reached XP level 7. HP: 17/31 MP: 13/13
  8114 | D:6      | Gained mutation: Your flesh is heat resistant. (rF+)
                  | [evolution]
  8693 | D:6      | Reached XP level 8. HP: 34/35 MP: 13/15
  9639 | D:6      | Noticed Dowan
  9640 | D:6      | Noticed Duvessa
  9691 | D:6      | Killed Duvessa
  9717 | D:6      | Killed from afar by Dowan

Levels and vault maps discovered:
D:1:      lordsloth_arrival_two_stooges, layout_basic
D:2:      layout_rooms, lemuel_zombie_altar_yredelemnul,
          nicolae_overflow_crystal_walls
D:3:      layout_rooms, gammafunk_temple_overflow_statue
D:4:      layout_basic, chequers_temple_overflow_statue_of_worship
D:5:      layout_loops_ring, first_ration, grunt_ministairs_3,
          chequers_serial_rivers_micro_d, nicolae_ru_the_path_less_chosen
D:6:      corexii_shack_village, layout_basic, kennysheep_mini_moat,
          minmay_temple_entry_gardened_gates, minmay_misc_feat_tower,
          hangedman_abyss_or_decor_stagger, hangedman_decor_clover_reticule,
          chequers_serial_rivers_micro_a, uniq_duvessa, uniq_pikel
Temple:   nicolae_temple_figure_zero

Skill      XL: |  1  2  3  4  5  6  7 |
---------------+----------------------+-----
Stealth        | 1 2 3 4 7 6 |  7.8
Dodging        | 3 4 5 |  5.7
Fighting       | 2 3 |  3.7
Unarmed Combat | 4 6 |  6.3
Transmutations | 3 4 |  4.7
Spellcasting   | 3 4 |  4.0

Action                   |  1- 3 |  4- 6 |  7- 9 || total
-------------------------+-------+-------+-------++-------
Melee: Unarmed           |   171 |   263 |    95 ||   529
       Bite              |    16 |    29 |    11 ||    56
       Punch             |     4 |     1 |     1 ||     6
       Headbutt          |       |    10 |    12 ||    22
 Cast: Beastly Appendage |       |     7 |    13 ||    20
       Sticks to Snakes  |       |     6 |    11 ||    17
  Use: Potion            |     1 |     3 |       ||     4
       Scroll            |       |    15 |       ||    15
 Stab: Sleeping          |     5 |    14 |     4 ||    23
       Distracted        |       |     1 |       ||     1
       Invisible         |       |    10 |       ||    10
  Eat: Chunk             |    11 |    16 |    10 ||    37
Armor: Skin              |     9 |    15 |     4 ||    28
Dodge: Dodged            |   145 |   180 |    53 ||   378
